 Dungeon Crawl Stone Soup version 0.28-a0-991-g956f0ee3d5 (webtiles) character file.

Game seed: 5989842764248450632

123746 bearlyready the Severer (level 16, 0/149 HPs)
             Began as a Hill Orc Gladiator on Dec 4, 2021.
             Was a High Priest of Yredelemnul.
             Slain by a tyrant leech (19 damage)
             ... on level 2 of the Swamp.
             The game lasted 01:11:20 (47579 turns).

bearlyready the Severer (Hill Orc Gladiator)       Turns: 47579, Time: 01:11:20

Health: 0/149      AC: 16    Str: 25    XL:     16   Next: 91%
Magic:  0/27       EV: 16    Int:  8    God:    Yredelemnul [*****.]
Gold:   2829       SH: 10    Dex: 12    Spells: 15/15 levels left

rFire   + . .      SeeInvis +   b - +0 broad axe
rCold   + . .      Faith    .   S - +0 kite shield {reflect}
rNeg    . . .      Spirit   +   G - +0 swamp dragon scales
rPois   +          Reflect  +   n - +2 hat
rElec   .          Harm     .   i - scarf {rC+ rF+}
rCorr   .          Rampage  .   l - +0 pair of gloves
Will    +....                   y - +1 pair of boots {Fly}
Stlth   +.........              w - amulet of guardian spirit
HPRegen 0.34/turn               J - +4 ring of evasion
MPRegen 0.20/turn               Z - ring of see invisible

@: about to teleport, flying, slowed, very slow
A: no striking features
a: Renounce Religion, Recall Undead Slaves, Injury Mirror, Animate Dead, Drain
Life, Enslave Soul


You were on level 2 of the Swamp.
You worshipped Yredelemnul.
Yredelemnul was extremely pleased with you.
You visited 5 branches of the dungeon, and saw 26 of its levels.
You visited the Abyss 1 time.
You also visited: Sewer.

You collected 3421 gold pieces.
You spent 592 gold pieces at shops.

Inventory:

Hand Weapons
 b - a +0 broad axe (weapon)
Missiles
 A - 65 poisoned darts
 P - a throwing net (quivered)
 U - 2 javelins
 Y - 11 boomerangs
Armour
 i - a scarf of resistance (worn)
 l - a +0 pair of gloves (worn)
 m - a +2 pair of boots
 n - a +2 hat (worn)
 y - a +1 pair of boots of flying (worn)
 G - +0 swamp dragon scales (worn)
 I - a +0 cloak of willpower
 S - a +0 kite shield of reflection (worn)
Jewellery
 e - a ring of resist corrosion
 w - an amulet of guardian spirit (around neck)
 J - a +4 ring of evasion (left hand)
 R - a ring of protection from fire
 T - a ring of flight
 Z - a ring of see invisible (right hand)
Wands
 d - a wand of digging (20)
 C - a wand of flame (10)
 D - a wand of polymorph (2)
 N - a wand of iceblast (3)
Scrolls
 k - 6 scrolls of teleportation
 p - 3 scrolls of blinking
 q - 7 scrolls of immolation
 r - 6 scrolls of amnesia
 s - 2 scrolls of identify
 z - 6 scrolls of enchant weapon
 B - a scroll of torment
 H - 4 scrolls of vulnerability
 L - 2 scrolls of fog
 M - 2 scrolls of silence
 O - 4 scrolls of enchant armour
 Q - 2 scrolls of summoning
 W - 3 scrolls of fear
 X - 4 scrolls of magic mapping
Potions
 a - a potion of cancellation
 c - 3 potions of lignification
 f - 4 potions of might
 g - 2 potions of invisibility
 h - 5 potions of flight
 j - 3 potions of ambrosia
 o - 2 potions of mutation
 t - 2 potions of curing
 u - 5 potions of degeneration
 v - a potion of magic
 x - a potion of berserk rage
 E - 3 potions of attraction
 F - a potion of haste
 V - 3 potions of brilliance
Miscellaneous
 K - a condenser vane (inert)


   Skills:
 - Level 15.2 Fighting
 - Level 20.9 Axes
 - Level 8.0 Throwing
 - Level 10.3 Armour
 - Level 8.3 Dodging
 + Level 6.8 Shields
 - Level 15.0 Invocations
 - Level 9.2 Evocations


You had 15 spell levels left.
You didn't know any spells.
Your spell library contained the following spells:

 Spells                   Type           Power      Damage    Failure   Level
 Freeze                   Ice            0%         1d3       87%         1
 Blink                    Tloc           0%         N/A       95%         2
 Static Discharge         Conj/Air       0%         N/A       95%         2
 Frozen Ramparts          Ice            0%         1d2       99%         3
 Gell's Gravitas          Tloc           0%         N/A       99%         3
 Lesser Beckoning         Tloc           0%         N/A       99%         3
 Ozocubu's Armour         Ice            0%         N/A       99%         3
 Teleport Other           Tloc           0%         N/A       99%         3
 Dispel Undead            Necr           0%         3d6       100%        4
 Hailstorm                Conj/Ice       0%         3d3       100%        4
 Leda's Liquefaction      Hex/Erth       0%         N/A       100%        4
 Sticky Flame             Conj/Fire      0%         2d3       100%        4
 Fireball                 Conj/Fire      0%         3d3       100%        5
 Lee's Rapid Deconstruct  Erth           0%         3d5*      100%        5
 Manifold Assault         Tloc           0%         N/A       100%        5
 Metabolic Englaciation   Hex/Ice        0%         N/A       100%        5
 Dispersal                Tloc           0%         N/A       100%        6
 Simulacrum               Ice/Necr       0%         N/A       100%        6
 Starburst                Conj/Fire      0%         6d3       100%        6
 Statue Form              Tmut/Erth      0%         N/A       100%        6
 Malign Gateway           Summ/Tloc      0%         N/A       100%        7
 Disjunction              Tloc           0%         N/A       100%        8
 Ignition                 Fire           0%         3d3       100%        8
 Summon Horrible Things   Summ           0%         N/A       100%        8


Dungeon Overview and Level Annotations

Branches:
Dungeon (15/15)            Temple (0/1) D:7            Lair (6/6) D:8
  Swamp (2/4) Lair:3        Snake (1/4) Lair:2        Slime (0/5) Lair:6
    Orc (2/2) D:10            Elf (0/3) Orc:2        Vaults (0/5) D:13
  Sewer (visited)
 Depths: D:15

Altars:
Cheibriados
Hepliaklqana
Makhleb
Nemelex Xobeh
Qazlal
Sif Muna
Uskayaw
Wu Jian
Xom
Yredelemnul
The Shining One
Jiyva

Shops:
D:5 =   D:7 *   D:12 (   Orc:1 :   Orc:2 *[[?

Annotations:
D:9 exclusion: 3 oklob plants
D:15 Rupert


Message History

You hit the swamp dragon. You slash the bog body!
The bog body points at you and mumbles some strange words.
You feel yourself slow down. The tyrant leech bites you!!
* * * LOW HITPOINT WARNING * * *
The tyrant leech draws strength from your injuries!
The swamp dragon misses you. The swamp dragon closely misses you.
The swamp dragon tramples you but does no damage.
Activating: Drain Life (0% risk of failure)
Press: ? - help, Dir - look around, f - activate You draw life from your surroundings.
The swamp dragon and the tyrant leech are drained of life.
The swamp dragon is moderately wounded.
The tyrant leech is severely wounded.
You feel life flooding into your body.
The bog body gestures at you while chanting.
You resist with some effort. The tyrant leech bites you.
The tyrant leech draws strength from your injuries!
The swamp dragon barely misses you.
The swamp dragon claws you but does no damage.
You block the swamp dragon's attack. The bog body touches you.
The bog body freezes you! You resist.
* * * LOW HITPOINT WARNING * * *
Your swamp worm zombie bites the swamp dragon!
The tyrant leech completely misses you.
Your swamp worm zombie bites the swamp dragon.
The swamp dragon bites your swamp worm zombie!!
The swamp dragon claws your swamp worm zombie.
The swamp dragon tramples your swamp worm zombie.
Your swamp worm zombie stumbles backwards!
The tyrant leech bites you!!
* * * LOW HITPOINT WARNING * * *
The tyrant leech draws strength from your injuries!
As you read the scroll of teleportation, it crumbles to dust.
You feel strangely unstable.
Your swamp worm zombie closely misses the swamp dragon.
The swamp dragon bites your swamp worm zombie!
Your swamp worm zombie is destroyed!
The tyrant leech bites you!!
You die...
Your body rises from the dead as a mindless zombie.

≈≈≈≈≈....♣♣≈§≈≈..
≈≈≈≈≈..<..§≈≈≈.♣
..≈♣≈≈≈≈≈≈≈...≈≈§≈≈. ...
≈..≈.≈≈≈≈≈.≈§≈≈≈≈≈.♣ ♣.≈≈
≈≈≈.≈≈≈≈...§≈≈≈≈≈≈.♣♣♣♣♣♣≈...
≈≈.≈≈≈≈.♣...≈≈§§≈≈>.........♣
♣≈.≈≈≈..♣♣≈.≈≈≈≈≈≈..≈≈.≈≈...≈
≈≈...≈≈≈≈≈≈≈≈≈≈w@....≈.≈≈≈♣
≈≈.♣≈♣♣♣♣≈.§≈§Dn♣♣......♣
..♣..♣♣♣♣♣.≈≈.......♣≈.♣
.♣....≈♣♣≈.§≈≈.......≈♣♣
≈≈≈...≈≈♣..≈≈≈(....≈≈.♣
≈≈.♣♣♣♣♣....≈........<♣
≈≈.♣§≈♣♣....).≈≈≈≈.≈≈..!♣
≈.≈≈..♣♣..≈≈...≈≈..≈≈.$.≈≈♣
≈.≈....≈≈.♣≈...≈≈≈.≈≈≈.......


You could see a swamp dragon (unaware), a tyrant leech and a bog body.

Vanquished Creatures
  Kirke (D:13)
  2 orc warlords (Orc:2)
  Nessos (D:14)
  A dire elephant (Lair:6)
  Snorg (Orc:1)
  A shambling mangrove (Swamp:1)
  Josephine (D:14)
  Erolcha (D:13)
  A boulder beetle (D:12)
  5 hydras
  An ice dragon (Lair:6)
  6 vault guards
  A naga warrior (Snake:1)
  3 catoblepae
  An anaconda (Snake:1)
  8 two-headed ogres
  4 centaur warriors
  3 death yaks (Lair:6)
  2 orc high priests (Orc:2)
  2 naga sharpshooters (Snake:1)
  4 tengu warriors
  2 shock serpents (Snake:1)
  2 goliath frogs (Swamp:1)
  2 spriggan druids (Swamp:1)
  A naga ritualist (Snake:1)
  A bog body (Lair:3)
  4 lindwurms (Lair:6)
  3 orc knights
  A wizard (D:14)
  4 orc sorcerers
  3 deep elf pyromancers
  2 ugly things
  3 cyclopes
  2 will-o-the-wisps
  3 manticores
  2 mana vipers (Snake:1)
  4 salamanders (Snake:1)
  8 black mambas
  22 elephants
  2 naga magi (Snake:1)
  Maggie (D:6)
  3 torpor snails (Lair:6)
  9 cane toads
  2 unseen horrors
  2 kobold demonologists
  An efreet (D:15)
  2 rime drakes (Lair:6)
  7 komodo dragons
  A bloated husk (Swamp:1)
  7 trolls
  13 hornets
  2 polar bears (Lair:4)
  2 tyrant leeches (Lair:6)
  7 slime creatures
  2 dream sheep (Lair:6)
  Grinder (D:4)
  12 blink frogs
  3 flying skulls (Lair:6)
  Sigmund (D:3)
  4 spriggans (Swamp:1)
  5 wraiths
  3 shadows
  49 yaks
  3 wyverns
  2 hogs (D:13)
  Eustachio (D:4)
  Menkaure (D:6)
  2 steam dragons
  5 vampire mosquitoes
  4 basilisks
  7 swamp worms
  Edmund (D:6)
  7 wargs
  7 nagas
  9 water moccasins
  A floating eye (D:9)
  An ice beast (D:6)
  3 swamp drakes (Swamp:1)
  26 orc warriors
  4 black bears
  A sky beast (D:7)
  11 ogres
  A necrophage (D:7)
  17 centaurs
  23 wolves
  A phantom (D:5)
  Blork the orc (D:6)
  14 bullfrogs
  4 kobold brigands
  A wyvern zombie (D:8)
  3 gnoll sergeants
  3 scorpions (D:4)
  The ghost of sirJeffrey23 the Ruffian, a weakling TrMo (D:3)
  15 killer bees
  2 centaur zombies
  2 jellies
  Crazy Yiuf (D:6)
  25 orc priests
  2 bullfrog skeletons
  A gnoll shaman (D:9)
  4 hounds
  4 iguanas
  Ijyb (D:4)
  Natasha (thrice) (D:4)
  18 orc wizards
  2 howler monkey zombies
  Robin (D:3)
  24 gnolls
  A river rat (Sewer)
  5 adders
  A howler monkey skeleton (D:4)
  A shadow imp (D:7)
  A white imp (D:8)
  An ufetubus (D:6)
  A hornet zombie (Lair:6)
  2 worms
  2 dart slugs
  58 orcs
  3 ball pythons
  7 endoplasms
  4 giant cockroaches
  12 hobgoblins
  9 jackals
  5 quokkas
  7 bats
  5 frilled lizards
  12 goblins
  31 kobolds
  3 orc zombies (Orc:2)
  10 rats
711 creatures vanquished.

Vanquished Creatures (collateral kills)
  Mlioglotl (Swamp:1)
  Gastronok (Lair:2)
  Donald (Orc:2)
  An orc warlord (Orc:1)
  An eleionoma (Swamp:1)
  5 hydras
  A vault guard (D:13)
  A catoblepas (Lair:6)
  A two-headed ogre (Orc:2)
  2 tengu warriors (D:14)
  2 orc high priests
  A shock serpent (Snake:1)
  A fire crab (Lair:6)
  A bog body (Lair:3)
  4 orc sorcerers
  A mana viper (shapeshifter) (D:14)
  A manticore (Lair:6)
  A mana viper (Snake:1)
  A salamander (Snake:1)
  3 elephants (Lair:6)
  2 torpor snails (Lair:6)
  3 black mambas
  3 cane toads
  6 komodo dragons
  A troll (Orc:2)
  A polar bear (Lair:3)
  2 tyrant leeches (Lair:6)
  A hornet (Lair:6)
  2 slime creatures (D:12)
  6 blink frogs
  A vampire (D:12)
  A spriggan (Lair:5)
  3 basilisks
  6 yaks
  A wraith (D:12)
  5 nagas
  4 water moccasins
  6 orc warriors
  8 wolves
  An ogre (Orc:1)
  5 bullfrogs
  A gnoll sergeant (D:12)
  5 orc priests (Orc:2)
  4 orc wizards
  A gnoll (D:12)
  11 orcs
121 creatures vanquished.

Vanquished Creatures (others)
  A phantasmal warrior (Orc:2)
  2 flayed ghosts
  7 flying skulls
  A wraith (Orc:2)
  2 vampires
  2 humans (D:13)
  A kobold brigand (Sewer)
  A wight (Lair:6)
  3 swamp worm zombies
  A hydra zombie (D:14)
  A black mamba zombie (Snake:1)
  2 catoblepas zombies
  A hornet zombie (Lair:6)
  2 mummies (Orc:2)
  A lindwurm zombie (Lair:6)
  4 elephant zombies (Lair:6)
  A tengu zombie (D:13)
  A two-headed ogre skeleton (Orc:1)
  A torpor snail zombie (Lair:6)
  2 naga zombies (Snake:1)
  A komodo dragon zombie (Lair:6)
  A rime drake zombie (Lair:6)
  2 troll zombies
  2 two-headed ogre zombies
  4 water moccasin zombies
  A yak zombie (Lair:6)
  2 cane toad zombies (Lair:6)
  A warg zombie (Orc:2)
  A basilisk zombie (D:14)
  A kobold (D:6)
  A centaur zombie (D:10)
  2 human zombies (D:13)
  A kobold zombie (D:11)
  3 ogre zombies
  8 orc skeletons
  26 orc zombies
  4 wolf zombies
  A yak skeleton (D:10)
  12 foxfires
  72 fungi
  103 plants
286 creatures vanquished.

Grand Total: 1118 creatures vanquished

Notes
Turn   | Place    | Note
-------+----------+-------------------------------------------
     0 | D:1      | bearlyready the Hill Orc Gladiator began the quest for the
                  | Orb.
     0 | D:1      | Reached XP level 1. HP: 18/18 MP: 1/1
   184 | D:1      | Reached XP level 2. HP: 11/25 MP: 2/2
   523 | D:1      | Reached XP level 3. HP: 27/30 MP: 3/3
   693 | D:1      | Reached skill level 5 in Axes
  1514 | D:2      | Reached XP level 4. HP: 37/37 MP: 4/4
  2275 | D:3      | Reached skill level 6 in Axes
  2393 | D:3      | Reached XP level 5. HP: 41/42 MP: 5/5
  2393 | D:3      | Found a shimmering blue altar of Sif Muna.
  2532 | D:3      | Reached skill level 7 in Axes
  2692 | D:3      | Noticed Sigmund
  2741 | D:3      | Noticed Robin
  2854 | D:3      | Killed Robin
  3119 | D:4      | Reached skill level 8 in Axes
  3119 | D:4      | Reached XP level 6. HP: 3/50 MP: 6/6
  3329 | D:4      | Noticed Eustachio
  3357 | D:4      | Killed Eustachio
  3358 | D:4      | Reached skill level 9 in Axes
  3358 | D:4      | Reached XP level 7. HP: 18/56 MP: 7/7
  3591 | D:4      | Noticed Ijyb
  3599 | D:4      | Killed Ijyb
  3796 | D:4      | Reached skill level 1 in Evocations
  3944 | D:4      | Noticed Natasha
  3954 | D:4      | Killed Natasha
  4149 | D:4      | Reached skill level 10 in Axes
  4398 | D:4      | Noticed Natasha
  4405 | D:4      | Killed Natasha
  4457 | D:4      | Noticed Grinder
  4473 | D:4      | Killed Grinder
  4474 | D:4      | Reached XP level 8. HP: 62/62 MP: 8/8
  4687 | D:4      | Noticed Natasha
  4697 | D:4      | Killed Natasha
  4742 | D:3      | Found a runed translucent door.
  4744 | D:3      | Noticed sirJeffrey23's ghost (weakling TrMo)
  4839 | D:3      | Killed Sigmund
  4840 | D:3      | Reached skill level 11 in Axes
  5272 | D:3      | Killed sirJeffrey23's ghost
  5309 | D:5      | Entered Level 5 of the Dungeon
  5338 | D:4      | Reached skill level 12 in Axes
  5462 | D:5      | Found a glowing drain.
  5477 | Sewer    | Entered a sewer
  5680 | Sewer    | Found a white marble altar of Elyvilon.
  5839 | D:5      | Reached skill level 13 in Axes
  5901 | D:5      | Found Faxzul's Jewellery Emporium.
  6388 | D:5      | Reached XP level 9. HP: 63/68 MP: 9/9
  6433 | D:5      | Found a basalt altar of Yredelemnul.
  6434 | D:5      | Found a snail-covered altar of Cheibriados.
  6435 | D:5      | Found a shimmering altar of Xom.
  6469 | D:5      | Reached skill level 14 in Axes
  7073 | D:5      | Became a worshipper of Yredelemnul the Dark
  7148 | D:6      | Reached skill level 1 in Invocations
  7391 | D:6      | Noticed Blork the orc
  7406 | D:6      | Killed Blork the orc
  7650 | D:6      | Noticed Edmund
  7690 | D:6      | Killed Edmund
  7921 | D:6      | Found a runed translucent door.
  7922 | D:6      | Noticed Crazy Yiuf
  8150 | D:6      | Noticed Maggie
  8179 | D:6      | Killed Maggie
  8424 | D:6      | Noticed Menkaure
  8428 | D:6      | Killed Menkaure
  8429 | D:6      | Reached skill level 5 in Fighting
  8775 | D:6      | Killed Crazy Yiuf
  8950 | D:7      | Reached skill level 5 in Invocations
  9043 | D:7      | Found a burning altar of Makhleb.
  9080 | D:7      | Found a stormy altar of Qazlal.
  9197 | D:7      | Reached skill level 15 in Axes
  9197 | D:7      | Reached XP level 10. HP: 58/83 MP: 14/14
  9492 | D:7      | Found a hide-covered altar of Uskayaw.
  9519 | D:7      | Found a staircase to the Ecumenical Temple.
  9612 | D:7      | Found Feonikys's Assorted Antiques.
 10282 | D:8      | Found a staircase to the Lair.
 10919 | D:8      | Found an ornate altar of the Wu Jian Council.
 10944 | D:8      | Found a hazy altar of Hepliaklqana.
 10957 | D:8      | Reached * piety under Yredelemnul
 11368 | D:9      | Noticed an oklob plant
 11826 | D:9      | Reached skill level 16 in Axes
 12152 | D:9      | Reached XP level 11. HP: 93/94 MP: 17/17
 12201 | D:9      | Found a glowing golden altar of the Shining One.
 12477 | D:9      | Reached ** piety under Yredelemnul
 12633 | D:9      | Found a sparkling altar of Nemelex Xobeh.
 12653 | D:9      | Noticed an oklob plant
 12747 | D:9      | Noticed an oklob plant
 12889 | D:10     | Entered Level 10 of the Dungeon
 13251 | D:10     | Noticed a two-headed ogre
 13274 | D:10     | Killed a two-headed ogre
 13692 | D:10     | Found a staircase to the Orcish Mines.
 13835 | D:10     | Reached skill level 10 in Invocations
 14705 | D:11     | Noticed a green ugly thing
 14837 | D:10     | Killed a green ugly thing
 14838 | D:10     | Reached skill level 17 in Axes
 15360 | D:11     | Reached skill level 10 in Fighting
 15415 | D:11     | Noticed a manticore
 15427 | D:11     | Killed a manticore
 15706 | D:11     | Noticed a cyclops
 15715 | D:11     | Killed a cyclops
 16013 | D:11     | Noticed a centaur warrior
 16354 | D:11     | Killed a centaur warrior
 16354 | D:11     | Reached *** piety under Yredelemnul
 16849 | Lair:1   | Entered Level 1 of the Lair of Beasts
 16857 | Lair:1   | Reached XP level 12. HP: 102/108 MP: 20/20
 16989 | Lair:1   | Noticed a six-headed hydra
 17446 | Lair:1   | Reached skill level 1 in Armour
 18179 | D:12     | You fall into a shaft and drop 1 floor!
 18179 | D:13     | Noticed a tengu warrior
 18179 | D:13     | Noticed a tengu warrior
 18184 | D:13     | Noticed Erolcha
 18956 | D:12     | Noticed a boulder beetle
 18968 | D:12     | Killed a boulder beetle
 18994 | D:12     | Noticed a two-headed ogre
 19017 | D:12     | Killed a two-headed ogre
 19141 | D:12     | Noticed a catoblepas
 19190 | D:12     | Killed a catoblepas
 19194 | D:12     | Reached skill level 5 in Evocations
 19595 | D:12     | Reached skill level 18 in Axes
 19637 | D:12     | Found Gimareq's Antique Weapon Shop.
 19896 | D:13     | Killed Erolcha
 19960 | D:13     | Your ally Erolcha died
 19976 | D:13     | Noticed a centaur warrior
 20359 | D:13     | Noticed a vault guard
 20423 | Orc:1    | Entered Level 1 of the Orcish Mines
 20535 | Orc:1    | Noticed a two-headed ogre
 20557 | Orc:1    | Killed a two-headed ogre
 20632 | Orc:1    | Noticed a two-headed ogre
 20645 | Orc:1    | Killed a two-headed ogre
 21024 | Orc:1    | Noticed a two-headed ogre
 21432 | D:13     | Noticed Kirke
 21447 | D:13     | Reached XP level 13. HP: 95/116 MP: 22/22
 21451 | D:13     | Killed Kirke
 21525 | D:13     | Noticed a vault guard
 21553 | D:13     | Noticed a vault guard
 21704 | D:12     | Killed a vault guard
 21821 | D:13     | Identified the amulet "Engen" {Faith -Tele rPois Will+
                  | rCorr}
 22030 | D:13     | Noticed a vault guard
 22041 | D:13     | Killed a vault guard
 22042 | D:13     | Reached skill level 5 in Throwing
 22052 | D:13     | Killed a vault guard
 22055 | D:13     | Noticed a vault guard
 22122 | D:13     | Killed a vault guard
 22165 | D:13     | Noticed a vault guard
 22200 | D:13     | Noticed a vault guard
 22234 | D:13     | Noticed a vault guard
 22808 | D:12     | Killed a vault guard
 23147 | D:13     | Found a gate to the Vaults.
 23302 | D:13     | Killed a vault guard
 23340 | D:13     | Killed a vault guard
 23784 | D:13     | Reached skill level 5 in Armour
 23930 | D:14     | Found a stormy altar of Qazlal.
 23949 | D:14     | Noticed Nessos
 23971 | D:14     | Killed Nessos
 24375 | D:14     | Cast into level 2 of the Abyss (a wizard)
 24381 | Abyss:2  | Found a corrupted altar of Lugonu.
 24400 | D:14     | Escaped the Abyss
 24621 | D:14     | Reached skill level 5 in Dodging
 25714 | D:14     | Reached **** piety under Yredelemnul
 26119 | D:15     | Entered Level 15 of the Dungeon
 26121 | D:15     | Noticed Josephine
 26130 | D:14     | Received a gift from Yredelemnul (a mummy)
 27011 | Lair:1   | Reached XP level 14. HP: 121/127 MP: 23/23
 27635 | Lair:2   | Paralysed by a hornet for 1 turns
 27641 | Lair:2   | Received a gift from Yredelemnul (a mummy)
 27678 | Lair:2   | Found a staircase to the Snake Pit.
 27694 | Lair:2   | Reached skill level 19 in Axes
 28102 | Lair:2   | Noticed Gastronok
 28113 | Lair:2   | Killed Gastronok
 28646 | Lair:3   | Found a staircase to the Swamp.
 29527 | Lair:3   | Received a gift from Yredelemnul (2 flying skulls)
 30204 | Lair:3   | Reached ***** piety under Yredelemnul
 31783 | Lair:5   | Received a gift from Yredelemnul (a wraith)
 32647 | Lair:6   | Entered Level 6 of the Lair of Beasts
 32676 | Lair:6   | Reached XP level 15. HP: 95/136 MP: 22/25
 33455 | Lair:6   | Found a basalt altar of Yredelemnul.
 33586 | Lair:6   | Found a viscous altar of Jiyva.
 33587 | Lair:6   | Found a staircase to the Slime Pits.
 33648 | Lair:6   | Received a gift from Yredelemnul (5 flying skulls)
 34305 | Lair:6   | Received a gift from Yredelemnul (a wight)
 35330 | Lair:6   | Found a runed translucent door.
 35497 | Lair:6   | Reached skill level 20 in Axes
 35513 | Lair:6   | Paralysed by a hornet for 3 turns
 35523 | Lair:6   | Received a gift from Yredelemnul (a vampire)
 36437 | Lair:6   | Reached skill level 15 in Invocations
 36821 | D:14     | Killed Josephine
 36980 | D:15     | Noticed Rupert
 37800 | Swamp:1  | Entered Level 1 of the Swamp
 37845 | Swamp:1  | Received a gift from Yredelemnul (a vampire)
 37848 | Swamp:1  | Found a burning altar of Makhleb.
 38339 | Swamp:1  | Reached ****** piety under Yredelemnul
 38348 | Swamp:1  | Reached XP level 16. HP: 136/146 MP: 27/27
 39765 | Swamp:2  | Noticed Mlioglotl
 40188 | Orc:1    | Noticed Snorg
 40207 | Orc:1    | Killed Snorg
 40490 | Orc:1    | Received a gift from Yredelemnul (3 flying skulls)
 40856 | Orc:1    | Received a gift from Yredelemnul (a wraith)
 40859 | Orc:1    | Found Xysmic's Book Emporium.
 41173 | Orc:2    | Entered Level 2 of the Orcish Mines
 41173 | Orc:2    | Found a staircase to the Elven Halls.
 41958 | Orc:2    | Received a gift from Yredelemnul (a flayed ghost)
 42023 | Orc:2    | Found Ownun's Magic Scroll Boutique.
 42023 | Orc:2    | Found Dutrirchell's Assorted Antiques.
 42023 | Orc:2    | Found Zeakiz's Armour Shop.
 42226 | Orc:2    | Found Gelyxoru's Armour Boutique.
 42228 | Orc:2    | Bought a scroll of fear for 45 gold pieces
 42228 | Orc:2    | Bought a scroll of blinking for 97 gold pieces
 42228 | Orc:2    | Bought a scroll of fear for 45 gold pieces
 42228 | Orc:2    | Bought a scroll of fear for 45 gold pieces
 42228 | Orc:2    | Bought a scroll of magic mapping for 45 gold pieces
 42230 | Orc:2    | Bought a potion of curing for 90 gold pieces
 42230 | Orc:2    | Bought a scroll of enchant armour for 225 gold pieces
 42580 | Orc:2    | Noticed Donald
 42585 | Orc:2    | Received a gift from Yredelemnul (a phantasmal warrior)
 42587 | Orc:2    | Killed Donald
 43230 | Orc:2    | Identified the amulet "Wofis" {Regen+ Int+2 Dex-5 SInv}
 43579 | Orc:1    | Reached skill level 10 in Armour
 43734 | Orc:2    | Reached skill level 15 in Fighting
 43890 | Orc:2    | Received a gift from Yredelemnul (a flayed ghost)
 44368 | Snake:1  | Entered Level 1 of the Snake Pit
 44813 | Snake:1  | Reached skill level 1 in Shields
 46114 | Snake:1  | Reached skill level 5 in Shields
 47112 | Snake:1  | Identified a scroll of acquirement
 47112 | Snake:1  | Acquired a +1 pair of boots of flying
 47262 | Swamp:2  | Noticed a bone dragon
 47270 | Swamp:1  | Killed Mlioglotl
 47579 | Swamp:2  | Slain by a tyrant leech

Illustrated notes

Levels and vault maps discovered:
D:1:      enne_arrival_octagon_isle, layout_basic
D:2:      layout_basic, minmay_pentomino_p4
D:3:      layout_basic, nicolae_sif_muna_little_library,
          ebering_ghost_reflecting_pool, uniq_robin, uniq_sigmund
D:4:      layout_loops_ring, uniq_eustachio, uniq_grinder, uniq_ijyb,
          uniq_natasha
D:5:      layout_cave_pods, chequers_temple_overflow_statue_of_worship,
          serial_shops, shop, cheibrodos_sewer_entry_bend, minmay_crystal_room,
          kennysheep_generic_room_14
D:6:      layout_loops_cross, uniq_crazy_yiuf_cottage, uniq_maggie, uniq_edmund,
          uniq_menkaure, uniq_blork_the_orc
D:7:      layout_loops_ring, mainiacjoe_overflow_cross_hatched,
          general_overflow_altar, marbit_many_paths,
          minmay_temple_entry_statues_fountains, serial_shops,
          nicolae_shop_statue_plus
D:8:      layout_gridville, mainiacjoe_overflow_catwalk,
          nzn_wu_jian_council_hall, david_lair_shrubbed
D:9:      nicolae_whirlpool, layout_irregular_city,
          mainiacjoe_overflow_concentric_impassable,
          mainiacjoe_overflow_small_starburst, disabler_island
D:10:     layout_basic, orc_0_dummy
D:11:     layout_big_octagon
D:12:     layout_roguey, serial_shops, nicolae_shop_competitors_out_of_business
D:13:     layout_basic, erik_vaults_2, minivault_12, uniq_erolcha, uniq_kirke
D:14:     layout_irregular_city, grunt_qazlal_clouds, minivault_5, uniq_nessos
D:15:     hangedman_depths_entry_try_elsewhere_first, layout_loops_ring,
          minmay_misc_feat_nine_boxes, uniq_josephine, uniq_rupert
Lair:1:   layout_concentric_octagons, st_stairs_5, serial_bayou_shore_b
Lair:2:   layout_regular_city, guppyfry_snake_entry_island, beast_lair_carwin_8,
          grunt_megastairs_2, uniq_gastronok
Lair:3:   layout_chaotic_city, skrybe_swamp_entry_bodies,
          infiniplex_staircase_pool_2, lemuel_fruit_tree, grunt_megastairs_4
Lair:4:   layout_cave_pods, chequers_serial_rivers_small_b
Lair:5:   layout_gridlike, st_stairs_4, grunt_forest_large_clearing_hut
Lair:6:   wormcave, layout_regular_city, hangedman_lair_in_review,
          slime_altar_1, basic_altar
Swamp:1:  layout_falls_marsh, lemuel_altar_in_water, infiniplex_staircase_pool
Swamp:2:  layout_basic_swamp, serial_swamp_ruin, evilmike_swamp_ruin_house_4,
          evilmike_swamp_ruin_rubble_2, uniq_mlioglotl
Snake:1:  layout_honeycomb
Orc:1:    layout_caves, serial_shops, nicolae_shop_advertising_works
          [nicolae_subvault_shop_adworks], hellmonk_guarded_unrand_dark_maul,
          uniq_snorg
Orc:2:    st_orc_mages, layout_caves, minmay_orc_treasury, uniq_donald

Skill      XL: |  1  2  3  4  5  6  7  8  9 10 11 12 13 14 15 16 |
---------------+-------------------------------------------------+-----
Throwing       | 2 3 4 5 7 8 |  8.0
Axes           | 5 6 8 9 10 13 15 16 17 18 19 20 | 20.9
Evocations     | 3 4 5 7 8 9 |  9.2
Invocations    | 5 8 11 12 13 14 15 | 15.0
Fighting       | 5 8 10 11 12 13 14 15 | 15.2
Armour         | 3 6 7 9 10 | 10.3
Dodging        | 4 5 6 7 8 |  8.3
Shields        | 6 |  6.8

Action                   |  1- 3 |  4- 6 |  7- 9 | 10-12 | 13-15 | 16-18 || total
-------------------------+-------+-------+-------+-------+-------+-------++-------
Melee: War axe           |   107 |   135 |   336 |   583 |       |       ||  1161
       Battleaxe         |       |       |       |   116 |   951 |   347 ||  1414
       Broad axe         |       |       |       |    46 |       |   169 ||   215
Throw: Throwing net      |       |     5 |     2 |       |       |     2 ||     9
       Dart              |       |       |    56 |    88 |    41 |       ||   185
       Javelin           |       |       |       |     6 |     9 |       ||    15
       Boomerang         |       |       |       |    10 |    22 |    13 ||    45
       Stone             |       |       |       |     4 |     1 |       ||     5
Invok: Animate Remains   |       |       |       |     8 |       |       ||     8
       Animate Dead      |       |       |       |     4 |    24 |    17 ||    45
       Recall Undead Sla |       |       |       |     1 |     1 |     4 ||     6
       Injury Mirror     |       |       |       |     1 |       |       ||     1
       Drain Life        |       |       |       |       |       |     8 ||     8
Evoke: Wand              |       |       |     8 |     6 |    13 |    10 ||    37
       Condenser vane    |       |       |       |       |     4 |     2 ||     6
  Use: Scroll            |       |     1 |     5 |     6 |    25 |     3 ||    40
       Potion            |       |     1 |       |     6 |     4 |     3 ||    14
 Stab: Held in net/web   |       |     2 |     1 |       |       |       ||     3
       Sleeping          |       |       |     1 |       |       |     2 ||     3
       Invisible         |       |       |     1 |       |       |       ||     1
       Distracted        |       |       |       |     1 |    13 |     6 ||    20
       Petrified         |       |       |       |     3 |       |       ||     3
Armor: Leather armour    |     9 |       |    58 |       |       |       ||    67
       Ring mail         |    24 |    53 |       |       |       |       ||    77
       Swamp dragon scal |       |       |    20 |   213 |   358 |   121 ||   712
Dodge: Dodged            |    68 |    99 |   131 |   433 |   666 |   348 ||  1745
Block: Other             |       |       |    52 |   132 |   225 |    74 ||   483
       Reflection        |       |       |     6 |    12 |     8 |    15 ||    41
       Kite shield       |       |       |       |       |       |    73 ||    73

Table legend: (Time is in decaauts)
 A = Elapsed time spent in this place.
 B = Non-inter-level travel time spent in this place.
 C = Inter-level travel time spent in this place.
 D = Time resting spent in this place.
 E = Time spent auto-exploring this place.
 F = Levels seen in this place.
 G = Mean time per level.
                   A        B        C        D        E       F      G
               +--------+--------+--------+--------+--------+-----+--------+
         Total |  47213 |  44430 |   2783 |   8510 |  29280 |  28 | 1686.2 |
       Dungeon |  26386 |  24674 |   1712 |   4922 |  16119 |  15 | 1759.1 |
          Lair |  11243 |  10600 |    643 |   1436 |   7615 |   6 | 1873.8 |
         Swamp |   2658 |   2538 |    120 |    744 |   1494 |   2 | 1329.0 |
     Snake Pit |   2031 |   1978 |     53 |      2 |   1669 |   1 | 2031.0 |
  Orcish Mines |   4587 |   4334 |    253 |   1406 |   2150 |   2 | 2293.5 |
         Abyss |     24 |     24 |      0 |      0 |      8 |   1 |   24.0 |
         Sewer |    282 |    282 |      0 |      0 |    225 |   1 |  282.0 |
               +--------+--------+--------+--------+--------+-----+--------+

Top non-repeatable levels by time:
    D:10: 3512 daAuts
  Lair:6: 3391 daAuts
    D:12: 2919 daAuts
   Orc:1: 2836 daAuts
    D:14: 2664 daAuts
    D:13: 2525 daAuts
  Lair:2: 2414 daAuts
 Swamp:1: 2369 daAuts
 Snake:1: 2031 daAuts
     D:9: 1944 daAuts
   Orc:2: 1750 daAuts
     D:6: 1749 daAuts
     D:4: 1711 daAuts
    D:11: 1525 daAuts
     D:5: 1517 daAuts
